 Dungeon Crawl Stone Soup version 0.29-a0-19-gef7f3e6 (webtiles) character file.

Game seed: 3439863608999420343

3405 Illumine the Carver (level 9, 0/78 HPs)
             Began as a Grey Draconian Gladiator on Jan 28, 2022.
             Was an Initiate of Gozag.
             Slain by a two-headed ogre (22 damage)
             ... on level 8 of the Dungeon.
             The game lasted 00:16:31 (8636 turns).

Illumine the Carver (Grey Draconian Gladiator)      Turns: 8636, Time: 00:16:32

Health: 0/78       AC: 14    Str: 20    XL:     9   Next: 75%
Magic:  0/25       EV: 14    Int:  9    God:    Gozag
Gold:   1266       SH:  0    Dex: 17    Spells: 14/18 levels left

rFire   . . .      SeeInvis .   x - +10 falchion of the Asp {vorpal, MP+9 Dex+4}
rCold   . . .      Faith    .   (no shield)
rNeg    . . .      Spirit   +   (armour unavailable)
rPois   +          Reflect  .   b - +0 hat
rElec   .          Harm     .   d - +1 cloak
rCorr   .          Rampage  .   (no gloves)
Will    +....                   (no boots)
Stlth   ++........              e - amulet of guardian spirit
HPRegen 0.23/turn               z - ring of poison resistance
MPRegen 0.19/turn               s - ring of willpower

@: gold aura
A: AC +12, amphibious, unfitting armour, cold-blooded
a: Renounce Religion, Potion Petition, Call Merchant, Bribe Branch


You were on level 8 of the Dungeon.
You worshipped Gozag.
Gozag was most pleased with you.
You visited 1 branch of the dungeon, and saw 8 of its levels.

You collected 1931 gold pieces.
You spent 564 gold pieces at shops.
You paid 101 gold pieces to Gozag.

Inventory:

Hand Weapons
 c - the +8 scimitar "Poidawna" {vorpal, Fragile rElec rC+ Int+3}
   (You bought it in a shop on level 6 of the Dungeon)

   It inflicts extra damage upon your enemies.
   Int:       It affects your intelligence (+3).
   rC:        It protects you from cold.
   rElec:     It insulates you from electricity.
   Fragile:   It will be destroyed if unequipped.
 x - the +10 falchion of the Asp (weapon) {vorpal, MP+9 Dex+4}
   (You bought it in a shop on level 6 of the Dungeon)

   It inflicts extra damage upon your enemies.
   Dex:       It affects your dexterity (+4).
   MP:        It affects your magic capacity (+9).
Missiles
 i - 3 throwing nets (quivered)
 q - 24 poisoned darts
Armour
 b - a +0 hat (worn)
 d - a +1 cloak (worn)
 D - a +0 kite shield
Jewellery
 e - an amulet of guardian spirit (around neck)
 o - a ring of wizardry
 s - a ring of willpower (right hand)
 t - a ring of resist corrosion
 z - a ring of poison resistance (left hand)
Wands
 p - a wand of acid (10)
 A - a wand of flame (19)
 B - a wand of iceblast (11)
Scrolls
 g - a scroll of enchant weapon
 h - 2 scrolls of amnesia
 l - a scroll of blinking
 m - a scroll of silence {unknown}
 n - 2 scrolls of teleportation
 w - 2 scrolls of immolation {unknown}
 y - a scroll of enchant armour {unknown}
 C - a scroll of identify
Potions
 a - a potion of brilliance {unknown}
 f - 3 potions of invisibility
 j - 3 potions of ambrosia
 k - a potion of curing
 r - 3 potions of flight
 u - a potion of mutation {unknown}
 v - 2 potions of lignification {unknown}


   Skills:
 + Level 6.6 Fighting
 + Level 9.1 Long Blades
 - Level 1.7 Throwing
 - Level 5.0 Dodging
 + Level 1.8 Shields
 + Level 5.1 Spellcasting
 + Level 5.0 Translocations


You had 14 spell levels left.
You knew the following spells:

 Your Spells              Type           Power      Damage    Failure   Level
a - Blink                 Tloc           22%        N/A       4%          2
b - Static Discharge      Conj/Air       2%         N/A       36%         2

Your spell library contained the following spells:

 Spells                   Type           Power      Damage    Failure   Level
 Summon Small Mammal      Summ           8%         N/A       24%         1
 Call Canine Familiar     Summ           2%         N/A       58%         3
 Summon Guardian Golem    Hex/Summ       2%         N/A       58%         3
 Manifold Assault         Tloc           11%        N/A       65%         5
 Dispel Undead            Necr           2%         3d7       94%         4
 Sticky Flame             Conj/Fire      2%         2d3       94%         4
 Storm Form               Tmut/Air       1%         N/A       100%        7


Dungeon Overview and Level Annotations

Branches:
Dungeon (8/15)             Temple (0/1) D:7
   Lair: D:8-11

Altars:
Cheibriados
Dithmenos
Gozag
Hepliaklqana
Kikubaaqudgha
Vehumet
Wu Jian

Shops:
D:2 (   D:4 *   D:6 (   D:7 =*?:*

Portals:
Abyss: D:3

Annotations:
D:3 2 transporters, Caerwyn's ghost, amateur KoEn
D:5 2 transporters


Innate Abilities, Weirdness & Mutations

Your dull iron-grey scales are very hard. (AC +12)
You are amphibious.
You cannot fit into any form of body armour.
You are cold-blooded and may be slowed by cold attacks.


Message History

Okay, then.
Okay, then.
The wolf bites you but does no damage.
The orc is distracted by your dazzling golden aura.
The wolf bites you.
You slash the wolf!
The wolf is almost dead.
The orc is no longer distracted by gold.
The wolf misses you.
You slash the wolf!
You kill the wolf!
A two-headed ogre comes into view. It is wielding two +0 giant clubs.
The orc is distracted by your dazzling golden aura.
You see here 8 gold pieces.
The orc is no longer distracted by gold.
You slice the orc!!
You kill the orc!
The two-headed ogre is distracted by your dazzling golden aura.
Things that are here:
8 gold pieces; a +0 club You see here 8 gold pieces.
The two-headed ogre is no longer distracted by gold.
You slash the two-headed ogre!
The two-headed ogre is moderately wounded.
The two-headed ogre hits you with a +0 giant club!
The two-headed ogre hits you with a +0 giant club!!
You hit the two-headed ogre but do no damage.
The two-headed ogre is moderately wounded.
The two-headed ogre barely misses you. x2
You slash the two-headed ogre!
The two-headed ogre is heavily wounded.
You slash the two-headed ogre!
The two-headed ogre is severely wounded.
The two-headed ogre hits you with a +0 giant club! x2
* * * LOW HITPOINT WARNING * * *
You barely miss the two-headed ogre. You punch the two-headed ogre.
The two-headed ogre is severely wounded.
The two-headed ogre hits you with a +0 giant club!!
You die...
Your body crumbles into a pile of gold.

...P$. .....
..P..P##+##.....
P..P............
P$....♣.........
..P.P♣..........
..P.........# $
...l.P.#'####
..P....#O#
......##@#
...... #.#
.....# #.# ♣...#
#.# ..## #.# #.#
#.# #.# #.#


You could see a two-headed ogre.

Vanquished Creatures
  Sigmund (D:2)
  2 wyverns (D:8)
  A yak (D:8)
  2 water moccasins (D:6)
  An ogre (D:4)
  2 orc warriors
  2 black bears (D:5)
  4 wolves (D:8)
  3 centaurs
  4 phantoms
  Blork the orc (D:5)
  3 bullfrogs (D:7)
  A gnoll sergeant (D:7)
  A scorpion (D:4)
  A water moccasin skeleton (D:6)
  3 centaur zombies
  3 howler monkeys (D:8)
  2 jellies
  3 orc priests
  A gnoll shaman (D:6)
  2 hounds
  A bullfrog skeleton (D:7)
  4 iguanas
  Robin (D:3)
  7 gnolls
  A howler monkey skeleton (D:4)
  4 adders
  3 white imps
  An ufetubus (D:5)
  5 worms
  A dart slug (D:5)
  8 orcs
  8 endoplasms
  4 giant cockroaches
  12 goblins
  7 hobgoblins
  4 jackals (D:2)
  9 kobolds
  6 quokkas
  6 ball pythons
  10 bats
  5 frilled lizards
  7 rats
157 creatures vanquished.

Vanquished Creatures (others)
  4 fungi (D:8)
  5 plants (D:8)
9 creatures vanquished.

Grand Total: 166 creatures vanquished

Notes
Turn   | Place    | Note
-------+----------+-------------------------------------------
     0 | D:1      | Illumine the Draconian Gladiator began the quest for the
                  | Orb.
     0 | D:1      | Reached XP level 1. HP: 17/17 MP: 1/1
   517 | D:1      | Reached XP level 2. HP: 24/24 MP: 2/2
   892 | D:1      | Reached skill level 4 in Long Blades
  1193 | D:2      | Found Hogreges's Weapon Boutique.
  1299 | D:2      | Reached XP level 3. HP: 28/29 MP: 3/3
  1464 | D:2      | Noticed Sigmund
  2107 | D:2      | Reached XP level 4. HP: 24/36 MP: 2/4
  2281 | D:2      | Reached skill level 5 in Long Blades
  2507 | D:2      | Noticed Robin
  2566 | D:3      | Noticed a kobold brigand
  2568 | D:3      | Noticed Caerwyn's ghost (amateur KoEn)
  2570 | D:3      | Found a one-way gate to the infinite horrors of the Abyss.
  2580 | D:3      | Found a transporter.
  2847 | D:3      | Found a transporter.
  2975 | D:4      | You fall into a shaft and drop 1 floor!
  2975 | D:5      | Entered Level 5 of the Dungeon
  2989 | D:5      | Found a transporter.
  3046 | D:5      | Found a shadowy altar of Dithmenos.
  3212 | D:5      | Found a transporter.
  3309 | D:5      | Noticed Blork the orc
  3399 | D:4      | Noticed an ogre
  3410 | D:4      | Killed an ogre
  3411 | D:4      | Reached skill level 6 in Long Blades
  3411 | D:4      | Reached XP level 5. HP: 41/41 MP: 5/5
  3758 | D:4      | Reached XP level 6. HP: 16/48 MP: 3/6
  4087 | D:4      | Found Pigox's Assorted Antiques.
  4090 | D:4      | Bought a scroll of identify for 62 gold pieces
  4090 | D:4      | Identified a scroll of acquirement
  4091 | D:4      | Acquired 1104 gold pieces
  4179 | D:4      | Found a snail-covered altar of Cheibriados.
  4502 | D:3      | Killed Robin
  4503 | D:3      | Reached skill level 7 in Long Blades
  4590 | D:2      | Killed Sigmund
  4591 | D:2      | Reached skill level 1 in Spellcasting
  4887 | D:5      | Your scales start taking on a dull iron-grey colour.
  4887 | D:5      | Reached XP level 7. HP: 55/57 MP: 7/9
  4891 | D:5      | Learned a level 2 spell: Blink
  5192 | D:5      | Reached skill level 1 in Translocations
  5256 | D:5      | Killed Blork the orc
  5280 | D:5      | Found an opulent altar of Gozag.
  5302 | D:5      | Became a worshipper of Gozag Ym Sagoz the Greedy
  5790 | D:5      | Reached XP level 8. HP: 14/67 MP: 3/12
  6190 | D:6      | Reached skill level 8 in Long Blades
  6737 | D:6      | Reached skill level 5 in Fighting
  6857 | D:6      | Found Ekolaeh's Antique Weapon Boutique.
  6875 | D:6      | Bought a crude scimitar for 198 gold pieces
  6875 | D:6      | Identified the +8 scimitar "Poidawna" {vorpal, Fragile
                  | rElec rC+ Int+3} (You bought it in a shop on level 6 of the
                  | Dungeon)
  6875 | D:6      | Bought an ebony falchion for 176 gold pieces
  6875 | D:6      | Identified the +10 falchion of the Asp {vorpal, MP+9 Dex+4}
                  | (You bought it in a shop on level 6 of the Dungeon)
  7299 | D:7      | Found Zayt's General Store.
  7308 | D:7      | Bought a scroll of identify for 22 gold pieces
  7308 | D:7      | Bought a scroll of identify for 22 gold pieces
  7308 | D:7      | Bought a scroll of identify for 22 gold pieces
  7324 | D:7      | Found Dady's Book Emporium.
  7358 | D:7      | Learned a level 2 spell: Static Discharge
  7403 | D:7      | Found a hazy altar of Hepliaklqana.
  7430 | D:7      | Reached XP level 9. HP: 68/74 MP: 15/15
  7470 | D:7      | Identified the +1 robe of Defiance {-Tele Int+5}
  7534 | D:7      | Found Sothaewk's Assorted Antiques.
  7543 | D:7      | Bought a scroll of identify for 62 gold pieces
  7632 | D:7      | Found Ykid's Jewellery Emporium.
  7819 | D:7      | Found a staircase to the Ecumenical Temple.
  7918 | D:7      | Found Qaigofro's Magic Scroll Emporium.
  8402 | D:8      | Found an ancient bone altar of Kikubaaqudgha.
  8405 | D:8      | Found an ornate altar of the Wu Jian Council.
  8408 | D:8      | Found a radiant altar of Vehumet.
  8433 | D:8      | Reached skill level 5 in Dodging
  8591 | D:8      | Reached skill level 9 in Long Blades
  8591 | D:8      | Reached skill level 1 in Shields
  8614 | D:8      | Reached skill level 5 in Spellcasting
  8614 | D:8      | Reached skill level 5 in Translocations
  8622 | D:8      | Noticed a two-headed ogre
  8636 | D:8      | Slain by a two-headed ogre

Illustrated notes

Levels and vault maps discovered:
D:1:      nzn_arrival_water_spiral, layout_basic, minivault_19
D:2:      minmay_razor_zed, layout_rooms, serial_shops,
          nicolae_shop_bloodbath_and_beyond, uniq_sigmund, uniq_robin
D:3:      layout_rooms, gammafunk_ghost_abyssal_escape
D:4:      layout_basic, cheibrodos_worm_habitat, serial_shops, shop
D:5:      gammafunk_cloud_chamber, layout_basic, general_overflow_altar,
          lemuel_coloured_pillars_altar, hangedman_decor_opposing,
          uniq_blork_the_orc
D:6:      layout_rooms, serial_shops, nicolae_square_shop,
          minmay_stone_trees_small, hangedman_minor_gate_pass
D:7:      layout_loops_ring, mainiacjoe_overflow_alcove_2, temple_hall,
          serial_shops, shop, nicolae_shop_waterfront, nicolae_stop_n_shop_1,
          nicolae_shop_statue_plus, shop
D:8:      layout_basic, grunt_temple_overflow_open, minmay_lair_entry_grove,
          serial_bayou_pond_e

Skill      XL: |  1  2  3  4  5  6  7  8  9 |
---------------+----------------------------+-----
Long Blades    | 4 6 7 8 9 |  9.1
Fighting       | 3 4 5 6 |  6.6
Spellcasting   | 1 2 4 5 |  5.1
Translocations | 2 3 5 |  5.0
Dodging        | 3 4 5 |  5.0
Shields        | 1 |  1.8
Throwing       | |  1.7

Action                   |  1- 3 |  4- 6 |  7- 9 || total
-------------------------+-------+-------+-------++-------
Melee: Long sword        |   125 |   179 |   195 ||   499
       Tailslap          |    14 |    13 |    43 ||    70
       Punch             |     1 |     2 |     7 ||    10
       Falchion          |       |       |   125 ||   125
Throw: Throwing net      |       |     2 |     1 ||     3
Evoke: Wand              |       |       |     1 ||     1
  Use: Potion            |     1 |       |       ||     1
       Scroll            |       |     5 |     7 ||    12
 Stab: Sleeping          |       |     1 |     1 ||     2
       Held in net/web   |       |     2 |       ||     2
       Distracted        |       |       |     1 ||     1
Armor: Skin              |    32 |    87 |   136 ||   255
Dodge: Dodged            |   105 |   133 |   231 ||   469

Table legend: (Time is in decaauts)
 A = Elapsed time spent in this place.
 B = Non-inter-level travel time spent in this place.
 C = Inter-level travel time spent in this place.
 D = Time resting spent in this place.
 E = Time spent auto-exploring this place.
 F = Levels seen in this place.
 G = Mean time per level.
                   A        B        C        D        E       F      G
               +--------+--------+--------+--------+--------+-----+--------+
         Total |   8686 |   8225 |    461 |   1473 |   4828 |   8 | 1085.8 |
       Dungeon |   8686 |   8225 |    461 |   1473 |   4828 |   8 | 1085.8 |
               +--------+--------+--------+--------+--------+-----+--------+

Top non-repeatable levels by time:
     D:5: 1717 daAuts
     D:1: 1558 daAuts
     D:2: 1258 daAuts
     D:6: 1149 daAuts
     D:4: 1030 daAuts
     D:7: 971 daAuts
     D:3: 649 daAuts
     D:8: 351 daAuts
